 Dungeon Crawl Stone Soup version 0.19-a0-854-gc78d25d (webtiles) character file.

10444 rageheart7 the Fighter (level 11, -10/145 HPs)
             Began as a Demonspawn Fighter on July 2, 2016.
             Was a Priest of Qazlal.
             Killed from afar by a fire dragon (18 damage)
             ... with a blast of flame
             ... in a volcano.
             The game lasted 00:33:39 (8119 turns).

rageheart7 the Fighter (Demonspawn Fighter)         Turns: 8119, Time: 00:33:40

Health: -10/145    AC: 19    Str: 24    XL:     11   Next: 36%
Magic:  13/17      EV:  8    Int:  9    God:    Qazlal [***...]
Gold:   531        SH:  4    Dex: 14    Spells: 0 memorised, 10 levels left

rFire  + . .     SeeInvis .     o - +9 short sword "Aroe" {flame, +Blink rC+}
rCold  + + .     Gourm    .     K - +0 plate armour
rNeg   . . .     Faith    .     (no shield)
rPois  +         Spirit   .     (helmet restricted)
rElec  +         Dismiss  .     n - +2 cloak
rCorr  +         Reflect  .     (gloves unavailable)
SustAt .         Harm     .     e - +0 pair of boots
MR     .....                    p - amulet of magic regeneration
Stlth  ..........               h - +2 ring of evasion
                                t - ring of flight

@: berserking (expiring), resistant, very quick, not resistant to hostile
enchantments, extremely unstealthy
A: antennae 1, claws 3, thin metallic scales 3, blink, blurry vision 1,
nightstalker 2, powered by death 1, regeneration 1
a: Blink, Upheaval, Elemental Force, Renounce Religion, Evoke Blink, Evoke
Flight


You were in a volcano.
You worshipped Qazlal.
Qazlal was most pleased with you.
You were not hungry.

You visited 3 branches of the dungeon, and saw 11 of its levels.
You also visited: Ossuary and Volcano.

You collected 531 gold pieces.

Inventory:

Hand Weapons
 o - the +9 short sword "Aroe" (weapon) {flame, +Blink rC+}
   (You found it on level 4 of the Dungeon)

   It has been specially enchanted to burn those struck by it, causing extra
   injury to most foes and up to half again as much damage against particularly
   susceptible opponents.
   It protects you from cold.
   It lets you blink.
 y - a +4 flail
Missiles
 k - 4 tomahawks of returning (quivered)
Armour
 c - a +1 shield
 e - a +0 pair of boots (worn)
 n - a +2 cloak (worn)
 K - a +0 plate armour (worn)
Jewellery
 h - a +2 ring of evasion (right claw)
 p - an amulet of magic regeneration (around neck)
 t - a ring of flight (left claw)
Wands
 d - a wand of lightning (0/15)
 u - a wand of acid (6/15)
 E - a wand of flame (23/48)
 F - a wand of paralysis (4/24)
 M - a wand of iceblast (0/15)
Scrolls
 a - 4 scrolls of teleportation
 g - a scroll of recharging
 i - 7 scrolls of remove curse
 x - 2 scrolls of fear
 z - a scroll of magic mapping
 C - a scroll of blinking
Potions
 j - a potion of berserk rage
 v - 3 potions of lignification
 w - 2 potions of agility
 A - a potion of brilliance
Books
 m - a book of Ice

   Spells                             Type                      Level
   a - Ice Form                       Ice/Transmutation            4
   b - Metabolic Englaciation         Hexes/Ice                    5
   c - Ozocubu's Refrigeration        Ice                          6
   d - Bolt of Cold                   Conjuration/Ice              6
   e - Freezing Cloud                 Conjuration/Ice/Air          6
   f - Simulacrum                     Ice/Necromancy               6
 q - a book of the Dragon

   Spells                             Type                      Level
   a - Flame Tongue                   Conjuration/Fire             1
   b - Cause Fear                     Hexes                        4
   c - Bolt of Fire                   Conjuration/Fire             6
   d - Dragon Form                    Transmutation                7
   e - Dragon's Call                  Summoning                    9
 J - an Akashic Record

   Spells                             Type                      Level
   a - Dispersal                      Translocation                6
   b - Malign Gateway                 Summoning/Translocation      7
   c - Disjunction                    Translocation                8
   d - Controlled Blink               Translocation                8
Comestibles
 b - a meat ration
 f - 10 bread rations
 s - 9 slices of pizza
 B - a royal jelly
 G - 3 beef jerkies
 I - 3 chunks of flesh
 L - 2 fruits


   Skills:
 + Level 12.8 Fighting
 * Level 10.1 Maces & Flails
   Level 0.3(6.3) Staves
 - Level 2.6 Armour
 - Level 2.6 Shields
 * Level 8.4 Invocations
 + Level 1.1 Evocations


You had 10 spell levels left.
You didn't know any spells.

Dungeon Overview and Level Annotations

Branches:
Dungeon (9/15)             Temple (1/1) D:5            Lair (1/6) D:9
    Orc: D:9-12

Altars:
Ashenzari
Cheibriados
Dithmenos
Elyvilon
Fedhas
Gozag
Hepliaklqana
Kikubaaqudgha
Makhleb
Nemelex Xobeh
Okawaru
Pakellas
Qazlal
Ru
Sif Muna
Trog
Uskayaw
Vehumet
Xom
Yredelemnul
Zin
The Shining One

Shops:
D:7 [


Innate Abilities, Weirdness & Mutations

You have claws for hands.
You are completely covered in thin metallic scales. (AC +4, rElec)
You are significantly more attuned to the shadows.
You regenerate a little health from kills.
You have a pair of small antennae on your head.
You can translocate small distances at will.
Scrolls take you a little longer to read.
Your natural rate of healing is unusually fast.


Message History

The air elemental hits the fire dragon.
The air elemental is engulfed in freezing vapours.
The air elemental barely misses the fire dragon.
The air elemental hits the fire dragon.
The fire dragon bites the air elemental.
The fire dragon completely misses the air elemental.
The fire dragon tramples the air elemental!
The air elemental is shoved backwards!
The air elemental is destroyed!
You feel a strong urge to attack something.
The air elemental hits the fire dragon!
Your plate armour prevents you from hitting the fire dragon.
The fire dragon is moderately wounded.
You puncture the fire dragon! You burn the fire dragon.
The fire dragon is heavily wounded.
The air elemental closely misses the fire dragon.
The air elemental barely misses the fire dragon.
The fire dragon breathes flames at you. The blast of flame hits you!
You resist.
You die...

♣P.♣... ♣...P.. #P.P♣ ≈
♣♣.....
...P§≈§≈§♣♣.P.♣.§
§####♣..≈≈≈≈≈≈♣P.♣.♣≈§
§§≈≈≈≈≈≈≈≈≈≈≈≈♣....♣§§
♣≈≈≈§♣.P≈≈≈§≈♣♣P..§§≈
♣≈≈§PP..P≈≈≈§§♣..P.§≈
♣♣♣≈P@.P..♣♣≈≈§§.♣..§≈
♣P♣§ED♣.P..♣♣≈≈§§P.♣♣≈
♣.††..≈.♣...♣♣≈≈♣♣...≈
♣♣).♣≈≈§..P.P♣≈≈§♣♣..§
♣.♣♣≈§≈≈♣.†.♣≈§≈§§P..
...♣§≈≈≈≈P..♣♣≈§≈≈P..P
...♣♣§≈≈≈≈.♣..♣§≈≈≈♣...
..♣♣≈≈≈≈§§...♣♣≈≈≈≈≈P..
...♣≈≈≈≈≈§♣P.P♣
≈≈§≈≈.♣♣


You could see a fire dragon and a neutral air elemental.

Vanquished Creatures
  Pikel (D:4)
  A hill giant (D:9)
  A salamander (Volcano)
  Joseph (D:9)
  A gargoyle (D:9)
  A komodo dragon (Lair:1)
  4 two-headed ogres
  A wraith (D:9)
  The ghost of blooo the Transmogrifier, an amateur SpTm of Gozag (D:4)
  6 wyverns (Volcano)
  A basilisk (D:9)
  4 fire bats (Volcano)
  A hog (D:7)
  A human (D:7)
  A hippogriff (Lair:1)
  3 yaks (D:9)
  A steam dragon (D:9)
  A hungry ghost (D:9)
  Menkaure (Ossuary)
  2 mottled dragons (Volcano)
  Duvessa (D:5)
  2 sky beasts
  2 orc warriors (D:8)
  4 slaves (D:4)
  2 ice beasts
  2 black bears
  6 ogres
  2 centaurs
  6 crocodiles (Volcano)
  A big kobold (D:8)
  A gnoll sergeant (D:9)
  3 giant frogs (D:9)
  Dowan (D:5)
  A water moccasin skeleton (D:4)
  2 scorpions
  6 killer bees
  4 wights (D:8)
  An electric eel (Lair:1)
  A giant frog zombie (D:7)
  A quasit (D:9)
  A centaur zombie (D:9)
  2 crimson imps
  6 hounds
  3 jellies
  A centaur skeleton (D:9)
  A giant frog skeleton (D:9)
  4 orc priests
  3 iron imps (D:4)
  3 orc wizards (D:9)
  Crazy Yiuf (D:2)
  3 iguanas
  4 worker ants
  3 sheep (D:7)
  3 hound skeletons
  3 mummies (Ossuary)
  Robin (D:3)
  2 worker ant zombies
  7 adders
  12 gnolls
  2 shadow imps
  An adder zombie (D:9)
  2 adder skeletons (D:9)
  3 worms
  2 dart slugs (D:2)
  8 giant geckos
  23 orcs
  2 giant cockroaches
  18 goblins
  9 hobgoblins
  11 jackals
  8 kobolds
  5 quokkas
  A ball python (D:1)
  5 bats
  2 giant gecko skeletons
  6 giant newts
  2 gnoll skeletons (Ossuary)
  4 gnoll zombies (Ossuary)
  2 goblin skeletons (Ossuary)
  3 goblin zombies (Ossuary)
  3 hobgoblin skeletons (Ossuary)
  2 hobgoblin zombies (Ossuary)
  2 kobold skeletons (Ossuary)
  2 kobold zombies (Ossuary)
  5 orc skeletons (Ossuary)
  4 orc zombies (Ossuary)
  A quokka skeleton (D:6)
  A quokka zombie (D:8)
  10 rats
  4 rat skeletons (Ossuary)
  A rat zombie (Ossuary)
  5 plants (Volcano)
305 creatures vanquished.

Vanquished Creatures (others)
  A steam dragon (Volcano)
  A gnoll skeleton (Ossuary)
  A goblin skeleton (Ossuary)
  2 hobgoblin skeletons (Ossuary)
  3 hobgoblin zombies (Ossuary)
  A kobold skeleton (Ossuary)
  2 kobold zombies (Ossuary)
  2 orc skeletons (Ossuary)
  3 orc zombies (Ossuary)
  A rat zombie (Ossuary)
  26 plants (Volcano)
43 creatures vanquished.

Grand Total: 348 creatures vanquished

Notes
Turn   | Place    | Note
-------+----------+-------------------------------------------
     0 | D:1      | rageheart7 the Demonspawn Fighter began the quest for the Orb.
     0 | D:1      | Reached XP level 1. HP: 18/18 MP: 1/1
   136 | D:1      | Gained mutation: You have sharp fingernails. [demonic ancestry]
   136 | D:1      | Reached XP level 2. HP: 24/24 MP: 2/2
  1127 | D:2      | Gained mutation: You regenerate a little health from kills. [demonic ancestry]
  1127 | D:2      | Reached XP level 3. HP: 29/29 MP: 3/3
  1300 | D:2      | Reached skill level 4 in Fighting
  1344 | D:2      | Gained mutation: Your natural rate of healing is unusually fast. [potion of beneficial mutation]
  1492 | D:2      | Found a runed door.
  1771 | D:2      | Noticed Crazy Yiuf
  1783 | D:2      | Killed Crazy Yiuf
  1783 | D:2      | Gained mutation: You have very sharp fingernails. [demonic ancestry]
  1783 | D:2      | Reached XP level 4. HP: 32/37 MP: 4/4
  1858 | D:3      | Noticed a centaur
  1877 | D:3      | Killed a centaur
  1877 | D:3      | Gained mutation: You are slightly more attuned to the shadows. [demonic ancestry]
  1877 | D:3      | Reached XP level 5. HP: 13/43 MP: 5/5
  1997 | D:3      | Noticed Robin
  2014 | D:3      | Killed Robin
  2158 | D:3      | Found a shadowy altar of Dithmenos.
  2635 | D:4      | Noticed an ogre
  2643 | D:4      | Killed an ogre
  2643 | D:4      | Reached skill level 5 in Fighting
  2643 | D:4      | Gained mutation: You are partially covered in thin metallic scales. (AC +2) [demonic ancestry]
  2643 | D:4      | Reached XP level 6. HP: 51/51 MP: 6/6
  2684 | D:4      | Noticed blooo's ghost (amateur SpTm)
  2729 | D:4      | Killed blooo's ghost
  2729 | D:4      | Reached skill level 5 in Maces & Flails
  3121 | D:4      | Noticed a slave
  3122 | D:4      | Noticed a slave
  3123 | D:4      | Noticed a slave
  3124 | D:4      | Noticed Pikel
  3126 | D:4      | Noticed a slave
  3130 | D:4      | Killed a slave
  3151 | D:4      | Killed Pikel
  3151 | D:4      | Reached skill level 6 in Fighting
  3151 | D:4      | Gained mutation: You are mostly covered in thin metallic scales. (AC +3) [demonic ancestry]
  3151 | D:4      | Reached XP level 7. HP: 47/59 MP: 7/7
  3151 | D:4      | Reached XP level 8. HP: 52/65 MP: 8/8
  3243 | D:4      | Got a shimmering short sword
  3261 | D:4      | Identified the +9 short sword "Aroe" {flame, +Blink rC+} (You found it on level 4 of the Dungeon)
  3512 | D:4      | Found a burning altar of Makhleb.
  3744 | D:5      | Entered Level 5 of the Dungeon
  3768 | D:5      | Noticed Duvessa
  3769 | D:5      | Noticed Dowan
  3780 | D:5      | Killed Duvessa
  3780 | D:5      | Reached skill level 7 in Fighting
  3782 | D:5      | Killed Dowan
  3829 | D:5      | Found a sand-covered staircase.
  3837 | Ossuary  | Entered an ossuary
  4090 | Ossuary  | Noticed Menkaure
  4098 | Ossuary  | Killed Menkaure
  4193 | D:5      | Found a staircase to the Ecumenical Temple.
  4219 | Temple   | Entered the Ecumenical Temple
  4396 | Temple   | Became a worshipper of Qazlal Stormbringer
  4467 | D:5      | Found an opulent altar of Gozag.
  4514 | D:5      | Reached skill level 1 in Invocations
  5041 | D:6      | Found a glowing silver altar of Zin.
  5048 | D:6      | Found a shattered altar of Ashenzari.
  5354 | D:7      | Gained mutation: You are completely covered in thin metallic scales. (AC +4, rElec) [demonic ancestry]
  5354 | D:7      | Reached XP level 9. HP: 74/74 MP: 10/10
  5434 | D:7      | Found Ycsoun Fahye's Antique Armour Emporium.
  5457 | D:7      | Reached skill level 8 in Fighting
  5597 | D:7      | Reached * piety under Qazlal
  6254 | D:8      | Found a sparkling altar of Nemelex Xobeh.
  6294 | D:8      | Reached skill level 9 in Fighting
  6381 | D:8      | Reached skill level 5 in Invocations
  6835 | D:9      | Noticed Joseph
  6847 | D:9      | Killed Joseph
  6847 | D:9      | Reached skill level 10 in Fighting
  6847 | D:9      | Gained mutation: You have claws for hands. [demonic ancestry]
  6847 | D:9      | Reached XP level 10. HP: 67/85 MP: 14/14
  6920 | D:9      | Found a staircase to the Lair.
  7016 | D:9      | Reached ** piety under Qazlal
  7122 | D:9      | Got a fine glaive
  7128 | D:9      | Identified the cursed +0 glaive "Noasugoh" {chop, Dex+4} (You found it on level 9 of the Dungeon)
  7131 | D:9      | Gained mutation: Your mind is acute. (Int +2) [potion of mutation]
  7131 | D:9      | Gained mutation: Scrolls take you a little longer to read. [potion of mutation]
  7131 | D:9      | Gained mutation: You can translocate small distances at will. [potion of mutation]
  7132 | D:9      | Lost mutation: Your mind is acute. (Int +2) [potion of mutation]
  7132 | D:9      | Gained mutation: You have a pair of small antennae on your head. [potion of mutation]
  7326 | D:9      | Noticed a gargoyle
  7338 | D:9      | Noticed a hill giant
  7345 | D:9      | Killed a hill giant
  7345 | D:9      | Reached skill level 11 in Fighting
  7360 | D:9      | Killed a gargoyle
  7520 | D:9      | Got a pitted scythe
  7582 | D:9      | Identified the +8 scythe of Axian {flame, +Inv MP+9 Str-2 SInv} (You found it on level 9 of the Dungeon)
  7622 | D:9      | Reached *** piety under Qazlal
  7647 | Lair:1   | Entered Level 1 of the Lair of Beasts
  7731 | Lair:1   | Found a dark tunnel.
  7739 | Volcano  | Entered a volcano
  7752 | Volcano  | Reached skill level 12 in Fighting
  7766 | Volcano  | Noticed a salamander
  7771 | Volcano  | Gained mutation: You are significantly more attuned to the shadows. [demonic ancestry]
  7771 | Volcano  | Reached XP level 11. HP: 66/95 MP: 16/16
  7805 | Volcano  | Reached skill level 10 in Maces & Flails
  8091 | Volcano  | Reached skill level 1 in Evocations
  8107 | Volcano  | Noticed a fire dragon
  8112 | Volcano  | HP: 6/145 [fire dragon/blast of flame (14)]
  8113 | Volcano  | HP: 1/145 [fire dragon (4)]
  8119 | Volcano  | Killed from afar by a fire dragon

Vault maps used:
D:1:      sevenhm_arrival_forest_fort_large_2
D:2:      serial_forest, infiniplex_forest_lined_room_,
          infiniplex_forest_clump_medium, infiniplex_forest_lined_3,
          infiniplex_forest_straight_2, infiniplex_forest_clump_long,
          infiniplex_forest_corner_1, infiniplex_forest_straight_2,
          uniq_crazy_yiuf_cottage
D:3:      overflow_temple_1_default, kennysheep_nondescript, st_stairs_6,
          uniq_robin
D:4:      demons_altar, first_bread, uniq_pikel
D:5:      nicolae_overflow_crystal_walls, lightli_ossuary_entry_decrepit_ruins,
          minmay_statues_item, lemuel_another_geyser, uniq_duvessa
D:6:      amethyst_overflow_temple_binary
D:7:      serial_shops, nicolae_shop_overgrown_old_shop, nicolae_sextant,
          grunt_livestock
D:8:      lemuel_doored_altar
D:9:      wad_guarded_room, lair_0_dummy, uniq_joseph
Temple:   nicolae_temple_elliptical
Lair:1:   nicolae_volcano_entry_two_sided, hangedman_lair_unloving_vines,
          lemuel_fruit_tree, lemuel_fruit_fields, infiniplex_staircase_pool
Ossuary:  ossuary_due_pyramid
Volcano:  pf_volcano_lost_world

Skill      XL: |  1  2  3  4  5  6  7  8  9 10 11 |
---------------+----------------------------------+-----
Maces & Flails | 2 3 4 6 8 9 10 | 10.1
Fighting       | 4 5 6 7 10 12 | 12.8
Invocations    | 2 5 7 8 |  8.4
Evocations     | 1 |  1.1
Staves         | |  0.3
Armour         | |  2.6
Shields        | |  2.6

Action                   |  1- 3 |  4- 6 |  7- 9 | 10-12 || total
-------------------------+-------+-------+-------+-------++-------
Melee: Flail             |   150 |       |       |       ||   150
       Whip              |    15 |   153 |    30 |       ||   198
       Quarterstaff      |       |    13 |       |       ||    13
       Short sword       |       |       |   379 |   285 ||   664
Invok: Elemental Force   |       |       |       |     1 ||     1
Evoke: Wand              |       |       |       |    18 ||    18
  Use: Scroll            |     4 |     6 |    17 |     5 ||    32
       Potion            |     4 |     2 |     2 |    16 ||    24
 Stab: Paralysed         |       |       |       |     8 ||     8
  Eat: Chunk             |     3 |     3 |     4 |     5 ||    15
       Meat ration       |       |     1 |     1 |       ||     2
       Pizza             |       |       |       |     1 ||     1
Armor: Scale mail        |    95 |    53 |    92 |       ||   240
       Plate armour      |       |       |    92 |   246 ||   338
Dodge: Dodged            |    77 |    33 |    86 |    95 ||   291
Block: Shield            |   116 |    64 |   210 |       ||   390
       Other             |       |       |       |    56 ||    56
